 Dungeon Crawl Stone Soup version 0.30-a0-476-g330ca2eb8e (webtiles) character file.

Game seed: 14631045170571972651

235 p00ps00p the Trooper (level 6, -1/56 HPs)
             Began as a Hill Orc Fighter on Dec 21, 2022.
             Slain by Pikel
             ... wielding a +2 whip of electrocution
              (5 damage)
             ... on level 4 of the Dungeon.
             The game lasted 00:03:52 (2190 turns).

p00ps00p the Trooper (Hill Orc Fighter)             Turns: 2190, Time: 00:03:53

Health: -1/56      AC:  0    Str: 21    XL:     6   Next: 6%
Magic:  6/6        EV: 17    Int:  8    God:
Gold:   234        SH:  0    Dex: 15    Spells: 5/5 levels left

rFire   . . .      SeeInvis .    (weapon currently unavailable)
rCold   . . .      Faith    .    (shield currently unavailable)
rNeg    . . .      Spirit   .    (body armour currently unavailable)
rPois   .          Reflect  .    (helmet currently unavailable)
rElec   .          Harm     .    (cloak currently unavailable)
rCorr   .          Rampage  .    (gloves currently unavailable)
Will    .....                    (boots currently unavailable)
Stlth   +.........               (no amulet)
HPRegen 0.29/turn                (ring currently unavailable)
MPRegen 0.10/turn                (ring currently unavailable)

@: mighty, bat-form, flying, very quick
A: fast, flying, no casting, tiny
a: no special abilities


You were on level 4 of the Dungeon.
You were a bat.
You visited 1 branch of the dungeon, and saw 4 of its levels.

You collected 234 gold pieces.

Inventory:

Hand Weapons
 a - a +0 war axe (melded)
 n - the +8 sling "Gytwium" {speed, rN+ rCorr Dex+3}
   (You found it on level 2 of the Dungeon)

   Attacks with this weapon are significantly faster.
   Dex:       It affects your dexterity (+3).
   rN:        It protects you from negative energy.
   rCorr:     It protects you from acid and corrosion.
Armour
 b - a +0 scale mail (melded)
 c - a +0 buckler (melded)
 k - a +0 pair of gloves (melded)
 l - a +0 pair of boots (melded)
Jewellery
 o - a ring of protection from cold (melded)
Scrolls
 j - 2 scrolls of magic mapping
 m - a scroll of fear
 p - a scroll of teleportation
Potions
 e - a potion of degeneration {unknown}
 f - a potion of berserk rage {unknown}
 g - 2 potions of curing {unknown}
 h - 3 potions of lignification {unknown}
 i - 2 potions of mutation {unknown}
 r - a potion of ambrosia {unknown}


   Skills:
 + Level 5.0 Fighting
 - Level 3.5 Axes
 + Level 1.6 Ranged Weapons
 + Level 4.5 Armour
 + Level 4.5 Shields


You had 5 spell levels left.
You didn't know any spells.
Your spell library contained the following spells:

 Spells                   Type           Power      Damage    Failure   Level
 Petrify                  Tmut/Erth      0%         N/A       99%         4
 Metabolic Englaciation   Hex/Ice        0%         N/A       100%        5
 Statue Form              Tmut/Erth      0%         N/A       100%        6


Dungeon Overview and Level Annotations

Branches:
Dungeon (4/15)
 Temple: D:4-7

Altars:
Qazlal

Annotations:
D:3 3 runed translucent doors, superbruh's ghost, amateur MiMo
D:4 Pikel


Message History

The lemure is heavily wounded.
The lemure closely misses you. The lemure barely misses you.
You hit the lemure.
The lemure is severely wounded.
You block the lemure's attack.
You completely miss the lemure.
The lemure is severely wounded.
The lemure hits you.
You hit the lemure but do no damage.
The lemure is severely wounded.
The lemure hits you. The lemure hits you but does no damage.
You slash the lemure!
The lemure is almost dead.
You hit the lemure. You hit Pikel but do no damage.
The lemure hits you but does no damage.
Pikel checks his coin pouch and frowns.
Pikel hits you but does no damage.
You slash the lemure!
You kill the lemure!
That felt strangely unrewarding.
You completely miss Pikel. You closely miss the lemure.
Pikel hits you but does no damage. You block the lemure's attack.
Unknown command.
You feel very mighty all of a sudden. The lemure hits you but does no damage.
You block the lemure's attack.
Pikel zaps a wand.
You turn into a bat.
Your +0 war axe melds into your body.
Your +0 pair of gloves melds into your body.
Your +0 pair of boots melds into your body.
Your +0 buckler melds into your body.
Your +0 scale mail melds into your body.
Your ring of protection from cold melds into your body.
The lemure hits you.
You hit Pikel but do no damage. The lemure hits you!
* * * LOW HITPOINT WARNING * * *
The lemure hits you!
* * * LOW HITPOINT WARNING * * *
The lemure hits you.
* * * LOW HITPOINT WARNING * * *
Pikel hits you with a +2 whip of electrocution.
You die...

#........
#........
#####)....... ##
........... ...
..?....?
##.#####).#.######
..>....†..5.......
##....)).b5......
#......#.5K......
#......###.######
#......# .#
#......# .#
#......# .#
##†.....# <#
#.......# ##
#.......#


You could see Pikel and 3 lemures.

Vanquished Creatures
  A lemure (D:4)
  A howler monkey (D:3)
  An orc priest (D:3)
  Natasha (D:4)
  4 adders
  A worm (D:3)
  4 dart slugs
  13 orcs
  3 endoplasms
  4 giant cockroaches
  5 hobgoblins
  7 jackals (D:1)
  3 quokkas
  5 ball pythons
  5 bats
  6 frilled lizards
  9 goblins
  6 kobolds
  6 rats
85 creatures vanquished.

Notes
Turn   | Place    | Note
-------+----------+-------------------------------------------
     0 | D:1      | p00ps00p the Hill Orc Fighter began the quest for the Orb.
     0 | D:1      | Reached XP level 1. HP: 19/19 MP: 1/1
    69 | D:1      | Reached XP level 2. HP: 21/27 MP: 2/2
   367 | D:1      | Reached skill level 4 in Fighting
   515 | D:1      | Reached XP level 3. HP: 33/33 MP: 3/3
   906 | D:2      | Identified the +8 sling "Gytwium" {speed, rN+ rCorr Dex+3}
  1117 | D:2      | Found a faded altar of an unknown god.
  1335 | D:2      | Reached XP level 4. HP: 40/40 MP: 4/4
  1404 | D:2      | Identified the +1 pair of gloves of Verhouq {Rampage rN++
                  | MP+9}
  1814 | D:3      | Noticed superbruh's ghost (amateur MiMo)
  1825 | D:3      | Reached skill level 1 in Ranged Weapons
  1825 | D:3      | Reached XP level 5. HP: 47/47 MP: 5/5
  1841 | D:3      | Found a runed translucent gate.
  1842 | D:3      | Found a runed translucent gate.
  1846 | D:3      | Found a runed translucent gate.
  2033 | D:3      | Found a stormy altar of Qazlal.
  2158 | D:4      | Noticed Natasha
  2170 | D:4      | Killed Natasha
  2171 | D:4      | Reached skill level 5 in Fighting
  2171 | D:4      | Reached XP level 6. HP: 31/56 MP: 6/6
  2181 | D:4      | Noticed Pikel
  2190 | D:4      | Slain by Pikel

Illustrated notes

Levels and vault maps discovered:
D:1:      nzn_arrival_depleted_hourglass, layout_loops_ring
D:2:      layout_loops_corners, chequers_ecumenical_altar_lobes
D:3:      layout_rooms, mainiacjoe_overflow_alcove_1, gammafunk_ghost_split
D:4:      layout_basic, gup_ossuary_entry_pyramid, uniq_natasha, uniq_pikel

Skill      XL: |  1  2  3  4  5 |
---------------+----------------+-----
Axes           | 3 |  3.5
Fighting       | 4 5 |  5.0
Armour         | 4 |  4.5
Shields        | 4 |  4.5
Ranged Weapons | 1 |  1.6

Action                   |  1- 3 |  4- 6 || total
-------------------------+-------+-------++-------
Melee: War axe           |    59 |    12 ||    71
       Unarmed           |       |     1 ||     1
 Fire: Sling             |    30 |    97 ||   127
  Use: Scroll            |     4 |     2 ||     6
       Potion            |       |     1 ||     1
Armor: Scale mail        |    37 |    39 ||    76
Dodge: Dodged            |    29 |    26 ||    55
Block: Buckler           |    17 |    26 ||    43

Table legend: (Time is in decaauts)
 A = Elapsed time spent in this place.
 B = Non-inter-level travel time spent in this place.
 C = Inter-level travel time spent in this place.
 D = Time resting spent in this place.
 E = Time spent auto-exploring this place.
 F = Levels seen in this place.
 G = Mean time per level.
                   A        B        C        D        E       F      G
               +--------+--------+--------+--------+--------+-----+--------+
         Total |   2236 |   2051 |    185 |      0 |   1627 |   4 |  559.0 |
       Dungeon |   2236 |   2051 |    185 |      0 |   1627 |   4 |  559.0 |
               +--------+--------+--------+--------+--------+-----+--------+

Top non-repeatable levels by time:
     D:2: 953 daAuts
     D:1: 763 daAuts
     D:3: 444 daAuts
     D:4: 75 daAuts
